 Dungeon Crawl Stone Soup version 0.28-a0-194-g42b4daccc1 (webtiles) character file.

Game seed: 3223544933221562345

408 bande the Shield-Bearer (level 6, -9/38 HPs)
             Began as a Gargoyle Fighter on Aug 19, 2021.
             Mangled by an ogre (20 damage)
             ... on level 4 of the Dungeon.
             The game lasted 00:05:44 (2849 turns).

bande the Shield-Bearer (Gargoyle Fighter)          Turns: 2849, Time: 00:05:45

Health: -9/38      AC: 15    Str: 20    XL:     6   Next: 88%
Magic:  6/6        EV:  6    Int:  9    God:
Gold:   165        SH:  9    Dex: 10    Spells: 5/5 levels left

rFire   . . .      SeeInvis .   a - +0 war axe
rCold   . . .      Faith    .   c - +1 kite shield
rNeg    + . .      Spirit   .   m - +0 chain mail
rPois   ∞          Reflect  .   (no helmet)
rElec   +          Harm     .   (no cloak)
rCorr   .          Rampage  .   (no gloves)
Will    .....                   e - +0 pair of boots
Stlth   ..........              h - amulet of regeneration
HPRegen 1.12/turn               (no ring)
MPRegen 0.10/turn               (no ring)

@: no status effects
A: sickness immunity, AC +4, negative energy resistance 1, electricity
resistance, torment resistance 1, petrification resistance
a: no special abilities


You were on level 4 of the Dungeon.
You visited 1 branch of the dungeon, and saw 4 of its levels.

You collected 165 gold pieces.

Inventory:

Hand Weapons
 a - a +0 war axe (weapon)
 k - a +0 flail
Missiles
 j - 2 throwing nets (quivered)
Armour
 c - a +1 kite shield (worn)
 e - a +0 pair of boots (worn)
 m - a +0 chain mail (worn)
Jewellery
 h - an amulet of regeneration (around neck)
Scrolls
 g - 2 scrolls of magic mapping
Potions
 d - 2 potions of might
 f - a potion of heal wounds {unknown}
 i - 2 potions of resistance {unknown}
 l - a potion of flight {unknown}
 n - 2 potions of cancellation {unknown}


   Skills:
 + Level 4.1 Fighting
 + Level 4.2 Axes
 + Level 4.6 Armour
 + Level 1.2 Dodging
 + Level 4.7 Shields


You had 5 spell levels left.
You didn't know any spells.
Your spell library contained the following spells:

 Spells                   Type           Power      Damage    Failure   Level
 Summon Small Mammal      Summ           0%         N/A       100%        1
 Call Canine Familiar     Summ           0%         N/A       100%        3
 Summon Guardian Golem    Hex/Summ       0%         N/A       100%        3


Dungeon Overview and Level Annotations

Branches:
Dungeon (4/15)
 Temple: D:4-7

Altars:

Shops:
D:3 [


Innate Abilities, Weirdness & Mutations

You are immune to sickness and miasma.
Your stone body is resilient. (AC +4)
You are immune to poison.
You resist negative energy. (rN+)
You are resistant to electric shocks. (rElec)
You are resistant to unholy torment.
You are immune to petrification.


Message History

You are too injured to fight recklessly!
You are too injured to fight recklessly!
You are too injured to fight recklessly!
You are too injured to fight recklessly!
Unknown command.
You closely miss the ogre.
The ogre is lightly wounded.
You barely miss the ball python. The ogre completely misses you.
You block the ball python's attack. The ball python constricts you.
The ball python barely misses you. The ball python constricts you.
You completely miss the ogre.
The ogre is lightly wounded.
You slash the ball python!
You kill the ball python!
The ogre barely misses you.
A hound comes into view.
You block the ogre's attack.
You barely miss the ogre.
The ogre is lightly wounded.
A kobold comes into view. It is wielding a +0 short sword.
You block the ogre's attack.
You barely miss the ogre.
The ogre is lightly wounded.
The kobold shouts!
The ogre hits you with a +0 giant club!
* * * LOW HITPOINT WARNING * * *
Unknown command.
The hound barely misses you. The hound bites you but does no damage.
The hound barely misses you. The hound barely misses you.
The hound bites you but does no damage.
The kobold unwields a +0 short sword.
The kobold wields a +0 hand crossbow.
The kobold shoots a bolt.
The bolt hits you.
* * * LOW HITPOINT WARNING * * *
You open the door. The hound closely misses you.
The hound bites you but does no damage.
The ogre hits you with a +0 giant club!!
Ouch! That really hurt!
You die...

######+#'#........#####.#.####♣.♣
..........########......#.# ♣.♣
.........K##### #)######.# ♣.♣
..##.##.......####.# #.# ♣.♣ #.#
##.......(.#.# #.# ♣.♣ ...
#.#.......#.######.# ♣.♣ K##
##.#.......#......#.# ♣..
#........O(######.#.# ♣♣♣
...........h@'......#(# ##
.............####.###.# ###.
......###...##.#....#.# #...
.#+###+ .....##...##.#.####.#.
###...##.#...†.......#.
#...##.#.#########... #...## #.
#.## #...# #. #.## .. ..#.


You could see an ogre, a hound and a kobold.

Vanquished Creatures
  A black bear (D:4)
  A phantom (D:4)
  An orc priest (D:3)
  Jessica (D:3)
  An iguana (D:4)
  Terence (D:3)
  3 gnolls (D:2)
  2 adders
  An ufetubus (D:4)
  2 worms (D:4)
  A dart slug (D:2)
  4 orcs (D:3)
  6 endoplasms
  4 giant cockroaches
  5 goblins
  2 hobgoblins (D:1)
  7 jackals (D:1)
  4 kobolds
  2 quokkas
  7 ball pythons
  7 bats
  8 rats
71 creatures vanquished.

Notes
Turn   | Place    | Note
-------+----------+-------------------------------------------
     0 | D:1      | bande the Gargoyle Fighter began the quest for the Orb.
     0 | D:1      | Reached XP level 1. HP: 14/14 MP: 1/1
    74 | D:1      | Reached XP level 2. HP: 19/19 MP: 2/2
   468 | D:1      | Reached XP level 3. HP: 19/23 MP: 3/3
  1366 | D:2      | Found a faded altar of an unknown god.
  1410 | D:2      | Reached skill level 1 in Dodging
  1451 | D:2      | Reached XP level 4. HP: 26/28 MP: 4/4
  1799 | D:3      | Noticed Terence
  1812 | D:3      | Reached XP level 5. HP: 25/33 MP: 5/5
  1813 | D:3      | Killed Terence
  2048 | D:3      | Noticed Jessica
  2054 | D:3      | Killed Jessica
  2145 | D:3      | Found Qapolausch's Antique Armour Boutique.
  2595 | D:4      | Reached XP level 6. HP: 38/38 MP: 6/6
  2613 | D:4      | Noticed a black bear
  2622 | D:4      | Killed a black bear
  2849 | D:4      | Mangled by an ogre

Illustrated notes

Levels and vault maps discovered:
D:1:      beargit_arrival_greenhouse, layout_rooms
D:2:      layout_basic, dilly_ecumenical_altar_fadedgnrine
D:3:      layout_basic, serial_shops, shop, nrook_mini_backslash, uniq_jessica,
          uniq_terence
D:4:      layout_basic, mainiacjoe_overflow_six_doors_small,
          fedhas_altar_decomposition, minmay_temple_entry_statues_pillars,
          nicolae_specific_store, kennysheep_pointless_box, minmay_ruptured

Skill      XL: |  1  2  3  4  5  6 |
---------------+-------------------+-----
Axes           | 2 3 4 |  4.2
Dodging        | 1 |  1.2
Armour         | 4 |  4.6
Shields        | 4 |  4.7
Fighting       | 4 |  4.1

Action                   |  1- 3 |  4- 6 || total
-------------------------+-------+-------++-------
Melee: War axe           |   123 |   118 ||   241
  Use: Scroll            |     3 |     1 ||     4
Armor: Scale mail        |    91 |     8 ||    99
       Chain mail        |       |    87 ||    87
Dodge: Dodged            |    59 |    47 ||   106
Block: Kite shield       |    90 |    87 ||   177

Table legend: (Time is in decaauts)
 A = Elapsed time spent in this place.
 B = Non-inter-level travel time spent in this place.
 C = Inter-level travel time spent in this place.
 D = Time resting spent in this place.
 E = Time spent auto-exploring this place.
 F = Levels seen in this place.
 G = Mean time per level.
                   A        B        C        D        E       F      G
               +--------+--------+--------+--------+--------+-----+--------+
         Total |   2988 |   2915 |     73 |    262 |   1927 |   4 |  747.0 |
       Dungeon |   2988 |   2915 |     73 |    262 |   1927 |   4 |  747.0 |
               +--------+--------+--------+--------+--------+-----+--------+

Top non-repeatable levels by time:
     D:3: 991 daAuts
     D:1: 932 daAuts
     D:2: 748 daAuts
     D:4: 316 daAuts
